 Dungeon Crawl Stone Soup version 0.31-a0-795-g5eb97db20b (webtiles) character file.

Game seed: 12589377424583755235

1035 dohliylev the Ducker (level 8, -7/75 HPs)
             Began as a Troll Warper on Sept 18, 2023.
             Mangled by a wyvern (11 damage)
             ... on level 8 of the Dungeon.
             The game lasted 00:18:56 (4137 turns).

dohliylev the Ducker (Troll Warper)                 Turns: 4137, Time: 00:18:56

Health: -7/75      AC:  6    Str: 20    XL:     8   Next: 3%
Magic:  1/9        EV: 12    Int:  8    God:
Gold:   194        SH:  0    Dex: 21    Spells: 5/10 levels left

rFire   . . .        j - staff of poison
rCold   . . .        (no shield)
rNeg    . . .        t - +2 robe "Vioku" {Regen+ Int-3 Dex+6 Archmagi}
rPois   +            (helmet restricted)
rElec   .            (no cloak)
rCorr   +            (gloves unavailable)
SInv    .            (boots unavailable)
Will    .....        (no amulet)
Stlth   ++           o - ring of resist corrosion
HPRegen 1.92/turn    p - +6 ring of dexterity
MPRegen 0.11/turn

%: archmagi
@: on blink cooldown
A: large, unfitting armour, claws 3, regeneration 1, shaggy fur 1, tough skin 1
a: no special abilities


You were on level 8 of the Dungeon.
You visited 1 branch of the dungeon, and saw 8 of its levels.

You collected 194 gold pieces.

Inventory:

Missiles
 c - 6 darts of dispersal
 i - 17 poisoned darts
 s - 2 throwing nets
 y - a boomerang (quivered)
 z - 3 atropa-tipped darts
Armour
 t - the +2 robe "Vioku" (worn) {Regen+ Int-3 Dex+6 Archmagi}
   (You found it on level 3 of the Dungeon)

   Int-3:     It affects your intelligence (-3).
   Dex+6:     It affects your dexterity (+6).
   Regen+:    It increases your rate of health regeneration.
   Archmagi:  It increases the power of your magical spells.
Magical Staves
 j - a staff of poison (weapon)
Jewellery
 o - a ring of resist corrosion (left claw)
 p - a +6 ring of dexterity (right claw)
Wands
 a - a wand of flame (19)
 A - a wand of paralysis (3)
Scrolls
 e - 8 scrolls of identify {unknown}
 g - 3 scrolls of teleportation {unknown}
 h - 3 scrolls of fear {unknown}
 k - a scroll of enchant armour {unknown}
 m - 3 scrolls of immolation {unknown}
 q - a scroll of revelation {unknown}
 r - a scroll of vulnerability {unknown}
 u - a scroll of acquirement {unknown}
 v - a scroll of enchant weapon {unknown}
 C - a scroll of fog {unknown}
Potions
 b - a potion of brilliance {unknown}
 d - a potion of mutation {unknown}
 f - 3 potions of heal wounds {unknown}
 l - 2 potions of enlightenment {unknown}
 n - a potion of curing {unknown}
 w - a potion of berserk rage {unknown}
 x - a potion of haste {unknown}
 D - a potion of attraction {unknown}


   Skills:
 + Level 3.3 Fighting
 + Level 3.4 Staves
 + Level 3.0 Throwing
 + Level 4.7 Dodging
 - Level 0.2 Stealth
 - Level 2.4 Unarmed Combat
 + Level 1.8 Spellcasting
 + Level 2.9 Translocations


You had 5 spell levels left.
You knew the following spells:

 Your Spells              Type           Power      Damage    Failure   Level
a - Blink                 Tloc           16%        N/A       17%         2
b - Teleport Other        Tloc           8%         N/A       32%         3

Your spell library contained the following spells:

 Spells                   Type           Power      Damage    Failure   Level
 Lesser Beckoning         Tloc           16%        N/A       17%         2
 Summon Small Mammal      Summ           4%         N/A       36%         1
 Call Canine Familiar     Summ           1%         N/A       73%         3
 Summon Guardian Golem    Hex/Summ       1%         N/A       73%         3
 Manifold Assault         Tloc           8%         N/A       73%         4
 Vhi's Electric Charge    Tloc/Air       8%         N/A       90%         4


Dungeon Overview and Level Annotations

Branches:
Dungeon (8/15)
 Temple: D:4-7         Lair: D:8-11

Altars:
Ru
Vehumet
Zin
The Shining One

Annotations:
D:4 Grinder
D:5 Prince Ribbit


Innate Abilities, Weirdness & Mutations

You are too large for most types of armour.
You have claws for hands.
Your natural rate of healing is unusually fast.
You are covered in fur. (AC +1)
You have tough skin. (AC +1)


Message History

* * * LOW HITPOINT WARNING * * *
The wyvern bites you but does no damage.
The wyvern attacks as it pursues you! The wyvern misses you.
The bullfrog barely misses you. The bullfrog attacks as it pursues you!
The bullfrog closely misses you.
The wyvern bites you but does no damage.
The bullfrog attacks as it pursues you! The bullfrog closely misses you.
The bullfrog hits you but does no damage.
Found a scroll labelled UNOMY AVOURA.
You feel ready to blink again. The wyvern attacks as it pursues you!
The wyvern closely misses you. The wyvern bites you.
* * * LOW HITPOINT WARNING * * *
The bullfrog attacks as it pursues you! The bullfrog barely misses you.
Casting: Blink (safe; 17% risk of failure)
Confirm with . or Enter, or press ? or * to list all spells.
You feel a surge of power!
You blink.
Found a radiant altar of Vehumet.
You feel ready to blink again. The wyvern attacks as it pursues you!
The wyvern closely misses you. The wyvern barely misses you.
The wyvern attacks as it pursues you! The wyvern bites you!
The bullfrog attacks as it pursues you!
The bullfrog hits you but does no damage.
The wyvern bites you but does no damage.
The wyvern attacks as it pursues you!
The wyvern bites you but does no damage.
The bullfrog hits you but does no damage.
The wyvern bites you!
* * * LOW HITPOINT WARNING * * *
Casting: Blink (safe; 17% risk of failure)
Confirm with . or Enter, or press ? or * to list all spells.
You feel a surge of power!
You blink.
The wyvern closely misses you. The bullfrog closely misses you.
The wyvern attacks as it pursues you! The wyvern bites you.
* * * LOW HITPOINT WARNING * * *
The bullfrog attacks as it pursues you! The bullfrog hits you.
* * * LOW HITPOINT WARNING * * *
The wyvern bites you!
You die...

.....................
#######'##.....)..#
#........+........#
#........#........#####
###........#.......##...#
...........#.......#)...#
...........#.......#)<..#
...........+.......#)...#
...........#....@..)).).#
.###'#####+#....lF.###..#
.#................ยง..####
.#............Y......#
.'...................#
.....................#
..#..................#
.###.................#
..#...##+######......#


You could see a wyvern, an ice beast and a bullfrog.

Vanquished Creatures
  A wyvern (D:7)
  An ice beast (D:6)
  2 black bears
  A centaur (D:8)
  A phantom (D:6)
  A bullfrog (D:7)
  A howler monkey (D:6)
  2 orc priests
  2 orc wizards
  2 iguanas
  Robin (D:2)
  2 gnolls
  5 adders
  A shadow imp (D:5)
  An ufetubus (D:4)
  A worm (D:4)
  15 orcs
  6 bats
  8 endoplasms
  4 giant cockroaches
  10 goblins (D:2)
  12 hobgoblins
  3 jackals (D:2)
  8 kobolds
  A quokka (D:2)
  6 ball pythons
  3 frilled lizards
  7 rats
108 creatures vanquished.

Notes
Turn   | Place    | Note
-------+----------+-------------------------------------------
     0 | D:1      | dohliylev the Troll Warper began the quest for the Orb.
     0 | D:1      | Reached XP level 1. HP: 19/19 MP: 1/1
     3 | D:1      | Noticed a merfolk zombie
    11 | D:1      | Noticed a merfolk zombie
    17 | D:1      | Noticed a merfolk zombie
   111 | D:1      | Reached skill level 2 in Dodging
   217 | D:1      | Reached XP level 2. HP: 27/27 MP: 2/2
   634 | D:2      | Reached XP level 3. HP: 31/35 MP: 4/4
   761 | D:2      | Noticed Robin
   794 | D:2      | HP: 1/35 [hobgoblin[Robin] (2)]
   795 | D:2      | Killed Robin
   796 | D:2      | Reached XP level 4. HP: 3/42 MP: 5/5
   854 | D:2      | Reached skill level 1 in Staves
   875 | D:2      | Learned a level 2 spell: Blink
   879 | D:2      | Learned a level 3 spell: Teleport Other
   931 | D:2      | Found a glowing silver altar of Zin.
  1326 | D:3      | Identified the +2 robe "Vioku" {Regen+ Int-3 Dex+6
                  | Archmagi}
  1533 | D:3      | Found a sacrificial altar of Ru.
  1533 | D:3      | Found a glowing golden altar of the Shining One.
  2197 | D:4      | Reached XP level 5. HP: 49/49 MP: 6/6
  2609 | D:4      | Noticed Grinder
  2641 | D:4      | Reached skill level 3 in Dodging
  2652 | D:3      | Reached skill level 1 in Throwing
  2745 | D:4      | Noticed a black bear
  2780 | D:4      | Killed a black bear
  2781 | D:4      | Reached XP level 6. HP: 33/57 MP: 0/7
  3267 | D:5      | Entered Level 5 of the Dungeon
  3398 | D:5      | Noticed Prince Ribbit
  3468 | D:6      | Reached XP level 7. HP: 66/66 MP: 8/8
  3571 | D:6      | Reached skill level 4 in Dodging
  3705 | D:7      | Noticed a wyvern
  3722 | D:7      | Killed a wyvern
  4091 | D:8      | Noticed a wyvern
  4100 | D:8      | Reached XP level 8. HP: 27/75 MP: 9/9
  4101 | D:8      | HP: 2/75 [wyvern (12)]
  4124 | D:8      | Found a radiant altar of Vehumet.
  4137 | D:8      | Mangled by a wyvern

Illustrated notes

Levels and vault maps discovered:
D:1:      shiori_arrival_whats_in_store_for_you, layout_loops_ring,
          wad_floor_pattern_1
D:2:      layout_loops_ring, basic_altar, minmay_pentomino_s2, uniq_robin
D:3:      layout_basic, nicolae_overflow_two_pavilions, grunt_ministairs_1,
          minmay_misc_feat_columns
D:4:      layout_loops_ring, uniq_grinder
D:5:      kennysheep_big_flooded_room, layout_rooms, uniq_prince_ribbit1,
          uniq_ijyb
D:6:      layout_basic, minmay_diced_spiral
D:7:      layout_cave_pools, grunt_dithmenos_smoke,
          minmay_temple_entry_stoned_glass
D:8:      layout_gridville, vehumet_crystals, minmay_ruined_shrine

Skill      XL: |  1  2  3  4  5  6  7 |
---------------+----------------------+-----
Dodging        | 2 3 4 |  4.7
Staves         | 1 2 3 |  3.4
Fighting       | 2 3 |  3.3
Throwing       | 1 2 3 |  3.0
Stealth        | |  0.2
Unarmed Combat | |  2.4
Spellcasting   | |  1.8
Translocations | |  2.9

Action                     |  1- 3 |  4- 6 |  7- 9 || total
---------------------------+-------+-------+-------++-------
  Melee: Unarmed           |    31 |       |       ||    31
         Staff             |   100 |   303 |   169 ||   572
         Punch             |       |     4 |     5 ||     9
  Throw: Dart              |     1 |    29 |     9 ||    39
         Boomerang         |       |    28 |     9 ||    37
   Cast: Blink             |       |     9 |     7 ||    16
    Use: Scroll            |       |     1 |     1 ||     2
   Stab: Sleeping          |     1 |     1 |     1 ||     3
 Armour: Robe              |   105 |   308 |   241 ||   654
  Dodge: Dodged            |    84 |   211 |   226 ||   521

Table legend: (Time is in decaauts)
 A = Elapsed time spent in this place.
 B = Non-inter-level travel time spent in this place.
 C = Inter-level travel time spent in this place.
 D = Time resting spent in this place.
 E = Time spent auto-exploring this place.
 F = Levels seen in this place.
 G = Mean time per level.
                   A        B        C        D        E       F      G
               +--------+--------+--------+--------+--------+-----+--------+
         Total |   4201 |   4105 |     96 |    445 |   1642 |   8 |  525.1 |
       Dungeon |   4201 |   4105 |     96 |    445 |   1642 |   8 |  525.1 |
               +--------+--------+--------+--------+--------+-----+--------+

Top non-repeatable levels by time:
     D:4: 1097 daAuts
     D:3: 873 daAuts
     D:2: 751 daAuts
     D:1: 595 daAuts
     D:6: 415 daAuts
     D:8: 242 daAuts
     D:5: 151 daAuts
     D:7: 75 daAuts
